 Dungeon Crawl Stone Soup version 0.28.0-43-g3370ac3207 (webtiles) character file.

Game seed: 10147430164022099278

72 Descartes the Skirmisher (level 4, 0/22 HPs)
             Began as a Felid Wanderer on Mar 22, 2022.
             Was an Initiate of Uskayaw.
             Slain by a gnoll
             ... wielding a +0 spear
              (6 damage)
             ... on level 3 of the Dungeon.
             The game lasted 00:04:51 (4066 turns).

Descartes the Skirmisher (Felid Wanderer)           Turns: 4066, Time: 00:04:51

Health: 0/22       AC:  1    Str:  9    XL:     4   Next: 7%
Magic:  2/5        EV: 17    Int: 19    God:    Uskayaw [......]
Gold:   105        SH:  0    Dex: 16    Spells: 3/3 levels left
                                        Lives:  0   Deaths: 1

rFire   . . .      SeeInvis +     - Unarmed
rCold   . . .      Faith    .   (shield unavailable)
rNeg    . . .      Spirit   .   (armour unavailable)
rPois   .          Reflect  .   (helmet unavailable)
rElec   .          Harm     .   (cloak unavailable)
rCorr   .          Rampage  .   (gloves unavailable)
Will    .....                   (boots unavailable)
Stlth   +++.......              (no amulet)
HPRegen 0.07/turn               g - +6 ring of intelligence
MPRegen 0.09/turn               (no ring)

@: quick
A: very small, claws 1, fangs 3, see invisible, speed 1, shaggy fur 1, stealthy
paws, no weapons or thrown items, no armour, multi-lived
a: Renounce Religion


You were on level 3 of the Dungeon.
You worshipped Uskayaw.
Uskayaw was noncommittal.
You visited 1 branch of the dungeon, and saw 3 of its levels.

You collected 105 gold pieces.

Inventory:

Jewellery
 g - a +6 ring of intelligence (left paw)
 o - a ring of wizardry
Scrolls
 a - 3 scrolls of blinking
 b - 3 scrolls of teleportation
 c - 2 scrolls of vulnerability
 f - a scroll of immolation {unknown}
 h - 2 scrolls of magic mapping {unknown}
 i - 2 scrolls of identify {unknown}
 j - 3 scrolls of noise {unknown}
 l - a scroll of acquirement {unknown}
 n - a scroll of enchant weapon {unknown}
Potions
 d - a potion of curing {unknown}
 e - 3 potions of mutation {unknown}
 k - a potion of lignification {unknown}
 m - a potion of attraction {unknown}


   Skills:
 - Level 4.0 Fighting
 + Level 2.9 Dodging
 - Level 4.0 Stealth
 + Level 3.8 Unarmed Combat
 + Level 1.3 Invocations
 + Level 2.1 Evocations


You had 3 spell levels left.
You didn't know any spells.
Your spell library was empty.

Dungeon Overview and Level Annotations

Branches:
Dungeon (3/15)

Altars:
Trog
Uskayaw


Innate Abilities, Weirdness & Mutations

You have sharp claws.
You have razor-sharp teeth.
You have supernaturally acute eyesight. (SInv)
You cover ground quickly. (Speed+)
You are covered in fur. (AC +1)
Your paws help you pounce on unaware monsters.
You are incapable of wielding weapons or throwing items.
You cannot wear armour.
You gain extra lives every three experience levels.


Message History

Welcome back to level 4!
There is a stone staircase leading down, spattered with blood here.
Things that are here:
a +0 club; a gnoll corpse Magic restored.
HP restored.
Done exploring.
You climb downwards.
There is a stone staircase leading up, spattered with blood here.
No target in view!
A gnoll and a hobgoblin come into view.
The gnoll barely misses you.
You barely miss the gnoll. The gnoll completely misses you.
You scratch the gnoll.
The gnoll is moderately wounded.
The gnoll hits you with a +0 spear!
The gnoll shouts!
You scratch the gnoll but do no damage.
The gnoll is moderately wounded.
The gnoll hits you with a +0 spear!
* * * LOW HITPOINT WARNING * * *
You are too injured to fight recklessly!
You are too injured to fight recklessly!
You are too injured to fight recklessly!
You are too injured to fight recklessly!
You are too injured to fight recklessly!
You are too injured to fight recklessly!
You are too injured to fight recklessly!
You are too injured to fight recklessly!
You are too injured to fight recklessly!
You are too injured to fight recklessly!
You are too injured to fight recklessly!
You stomp with the beat, sending a shockwave through the revellers around you!
The gnoll is severely wounded.
You can no longer stomp with the beat.
The gnoll closely misses you.
You scratch the gnoll but do no damage.
The gnoll is severely wounded.
The gnoll hits you with a +0 spear.
You die...

##### #.#..≈≈ #....#
....###.#.≈≈###.##.#
#.........≈........
#..###.##.≈###.###.
.####........≈≈....# #.
g............≈≈###.###.
#.......≈≈.........
#..#...≈≈≈...######
#.@#<###≈#.#..#
#.####.g#.# ###.#.>#
#....(...[# #....###
#.####.g..# ###....#
##.####.##.# #..#.#
#..........# #..#.###
##.#.###.##.#######.......
#. .............#####. #.#
###.###.###..########


You could see 2 gnolls.

Vanquished Creatures
  2 gnolls (D:2)
  3 adders (D:2)
  2 worms
  2 dart slugs (D:1)
  4 orcs (D:3)
  4 bats
  8 endoplasms
  2 giant cockroaches (D:2)
  3 goblins
  4 hobgoblins
  5 jackals
  3 quokkas
  4 ball pythons
  6 frilled lizards
  3 kobolds
  7 rats
62 creatures vanquished.

Notes
Turn   | Place    | Note
-------+----------+-------------------------------------------
     0 | D:1      | Descartes the Felid Wanderer began the quest for the Orb.
     0 | D:1      | Descartes set off with the following items: 2 scrolls of
                  | blinking, a scroll of teleportation, a scroll of
                  | vulnerability
     0 | D:1      | Reached XP level 1. HP: 11/11 MP: 2/2
   546 | D:1      | Reached skill level 1 in Dodging
   930 | D:1      | Reached XP level 2. HP: 11/15 MP: 3/3
  1491 | D:1      | Found a faded altar of an unknown god.
  1560 | D:1      | Prayed at the altar of an unknown god.
  1560 | D:1      | Became a worshipper of Uskayaw the Reveller
  1560 | D:1      | Reached * piety under Uskayaw
  1828 | D:2      | Reached XP level 3. HP: 18/18 MP: 4/4
  1853 | D:2      | Reached ** piety under Uskayaw
  2291 | D:2      | Reached XP level 4. HP: 22/22 MP: 5/5
  2739 | D:3      | Found a bloodstained altar of Trog.
  2745 | D:3      | Reached skill level 1 in Invocations
  3022 | D:3      | Slain by an orc
  3023 | D:3      | Reached XP level 3. HP: 0/18 MP: 2/4
  3898 | D:2      | Reached XP level 4. HP: 10/22 MP: 2/5
  4066 | D:3      | Slain by a gnoll

Illustrated notes

Levels and vault maps discovered:
D:1:      sevenhm_arrival_forest_fort_small_1, layout_basic,
          ebering_ecumenical_altar_rust
D:2:      layout_rooms, minmay_misc_feat_square, minmay_statues_item
D:3:      layout_loops_ring, lemuel_doored_altar, serial_glass, glass_columns_b,
          glass_columns_b, chequers_serial_rivers_small_a

Skill      XL: |  1  2  3  4 |
---------------+-------------+-----
Stealth        | 3 4 |  4.0
Dodging        | 1 2 |  2.9
Invocations    | 1 |  1.3
Evocations     | 2 |  2.1
Fighting       | |  4.0
Unarmed Combat | |  3.8

Action                   |  1- 3 |  4- 6 || total
-------------------------+-------+-------++-------
Melee: Unarmed           |   126 |    43 ||   169
       Bite              |    12 |     2 ||    14
       Punch             |     3 |     1 ||     4
Invok: Stomp             |     5 |     3 ||     8
 Stab: Sleeping          |    11 |     5 ||    16
Armor: Skin              |     6 |     2 ||     8
Dodge: Dodged            |    95 |    17 ||   112
